 Dungeon Crawl Stone Soup version 0.31-a0-1-g4198be8af4 (webtiles) character file.

Game seed: 6757067904428595347

119 Pimp the Ducker (level 4, -1/34 HPs)
             Began as a Demonspawn Gladiator on Apr 30, 2023.
             Slain by an orc
             ... wielding a +0 trident of protection
              (4 damage)
             ... on level 3 of the Dungeon.
             The game lasted 00:02:53 (2298 turns).

Pimp the Ducker (Demonspawn Gladiator)              Turns: 2298, Time: 00:02:54

Health: -1/34      AC:  6    Str: 16    XL:     4   Next: 74%
Magic:  4/4        EV: 12    Int: 12    God:
Gold:   143        SH:  0    Dex: 14    Spells: 3/3 levels left

rFire   . . .        a - +2 war axe
rCold   . . .        (no shield)
rNeg    . . .        b - +0 leather armour
rPois   .            c - +1 helmet
rElec   .            h - +0 cloak
rCorr   .            (no gloves)
SInv    .            (no boots)
Will    .....        (no amulet)
Stlth   +            (no ring)
HPRegen 0.25/turn    (no ring)
MPRegen 0.09/turn

%: no passive effects
@: no status effects
A: claws 1, big brain 1
a: no special abilities


You were on level 3 of the Dungeon.
You visited 1 branch of the dungeon, and saw 3 of its levels.

You collected 143 gold pieces.

Inventory:

Hand Weapons
 a - a +2 war axe (weapon)
Missiles
 d - 3 throwing nets (quivered)
 e - a javelin
Armour
 b - a +0 leather armour (worn)
 c - a +1 helmet (worn)
 h - a +0 cloak (worn)
Jewellery
 g - a +6 ring of intelligence
 m - a ring of ice
Wands
 i - a wand of flame (15)
Scrolls
 n - 3 scrolls of magic mapping
Potions
 f - 2 potions of resistance


   Skills:
 + Level 2.8 Fighting
 - Level 3.0 Axes
 + Level 2.5 Throwing
 + Level 0.9 Armour
 + Level 3.3 Dodging
 * Level 1.5 Unarmed Combat


You had 3 spell levels left.
You didn't know any spells.
Your spell library contained the following spells:

 Spells                   Type           Power      Damage    Failure   Level
 Blink                    Tloc           0%         N/A       52%         2
 Lesser Beckoning         Tloc           0%         N/A       52%         2
 Momentum Strike          Conj/Tloc      0%         3d8       52%         2


Dungeon Overview and Level Annotations

Branches:
Dungeon (3/15)

Altars:

Annotations:
D:3 Robin


Innate Abilities, Weirdness & Mutations

You have sharp fingernails.
You have an unusually large brain. (Int +2)


Message History

The orc hits you from afar with a +0 trident of protection.
The hobgoblin hits you but does no damage.
The orc misses you.
You barely miss the hobgoblin. The hobgoblin closely misses you.
The orc hits you from afar with a +0 trident of protection.
You barely miss the hobgoblin. The hobgoblin barely misses you.
The orc hits you from afar with a +0 trident of protection.
You hit the hobgoblin.
The hobgoblin is moderately wounded.
The hobgoblin hits you.
The orc hits you from afar with a +0 trident of protection.
The hobgoblin hits you. The orc closely misses you.
You hit the hobgoblin but do no damage.
The hobgoblin is moderately wounded.
The hobgoblin closely misses you. The orc closely misses you.
You slash the hobgoblin!
You kill the hobgoblin!
The orc hits you from afar with a +0 trident of protection!
You barely miss the hobgoblin. The orc closely misses you.
The hobgoblin closely misses you.
The orc hits you from afar with a +0 trident of protection.
* * * LOW HITPOINT WARNING * * *
The hobgoblin closely misses you.
You barely miss the hobgoblin. The orc barely misses you.
The hobgoblin closely misses you.
You slash the hobgoblin!
You kill the hobgoblin!
The orc closely misses you.
Okay, then.
As you read the scroll labelled FIUN WAECO, it crumbles to dust.
It is a scroll of identify.
You don't currently have any unidentified items.
The orc hits you with a +0 mace.
* * * LOW HITPOINT WARNING * * *
The orc barely misses you.
You hit the orc.
The orc is heavily wounded.
The orc hits you but does no damage.
The orc hits you from afar with a +0 trident of protection.
You die...

#.####.#.#.........#.# #.##
#.#.#.........#.# ...#
#.#.#.........#.#
...###.#.#.........#.#
.......#.#.###....##.#
......##.#.........#.#
.......#....##.......# ####.
.##....#....####.#.#.###.....
.#####.#....# #@#........>..
.# #.#....# #o#...[....... .#
#.#....# #oo...†.....#
.#####.#....# #gg..).[......
.....#.#....# #...........#.
.###.#......# #.......>...#
......... #........)..#
......... #...........#
.......# #.#.#.#######


You could see 3 orcs and 2 goblins.

Vanquished Creatures
  Crazy Yiuf (D:2)
  Ijyb (D:3)
  3 dart slugs
  2 orcs (D:3)
  7 endoplasms
  3 giant cockroaches
  5 goblins
  9 hobgoblins
  4 jackals (D:3)
  A kobold (D:1)
  2 quokkas
  7 ball pythons
  3 bats
  3 rats
51 creatures vanquished.

Notes
Turn   | Place    | Note
-------+----------+-------------------------------------------
     0 | D:1      | Pimp the Demonspawn Gladiator began the quest for the Orb.
     0 | D:1      | Reached XP level 1. HP: 16/16 MP: 1/1
   185 | D:1      | Gained mutation: You have an unusually large brain. (Int
                  | +2) [demonic ancestry]
   185 | D:1      | Reached XP level 2. HP: 18/22 MP: 2/2
  1010 | D:2      | Gained mutation: You have sharp fingernails. [demonic
                  | ancestry]
  1010 | D:2      | Reached XP level 3. HP: 27/28 MP: 3/3
  1179 | D:2      | Found a runed translucent door.
  1180 | D:2      | Noticed Crazy Yiuf
  1595 | D:2      | Killed Crazy Yiuf
  1596 | D:2      | Reached skill level 1 in Unarmed Combat
  1779 | D:3      | Reached XP level 4. HP: 34/34 MP: 4/4
  1833 | D:3      | Noticed Ijyb
  1844 | D:3      | Killed Ijyb
  2271 | D:3      | Noticed Robin
  2298 | D:3      | Slain by an orc

Illustrated notes

Levels and vault maps discovered:
D:1:      dpeg_arrival_court, layout_loops_cross
D:2:      layout_loops_ring, uniq_crazy_yiuf_cottage
D:3:      layout_basic, uniq_ijyb, uniq_jessica, uniq_robin

Skill      XL: |  1  2  3 |
---------------+----------+-----
Throwing       | 2 |  2.5
Dodging        | 3 |  3.3
Axes           | 3 |  3.0
Unarmed Combat | 1 |  1.5
Fighting       | |  2.8
Armour         | |  0.9

Action                     |  1- 3 |  4- 6 || total
---------------------------+-------+-------++-------
  Melee: War axe           |    81 |    57 ||   138
         Punch             |     1 |     1 ||     2
    Use: Scroll            |     7 |     1 ||     8
         Potion            |     3 |       ||     3
 Armour: Leather armour    |    28 |    17 ||    45
  Dodge: Dodged            |    53 |    64 ||   117

Table legend: (Time is in decaauts)
 A = Elapsed time spent in this place.
 B = Non-inter-level travel time spent in this place.
 C = Inter-level travel time spent in this place.
 D = Time resting spent in this place.
 E = Time spent auto-exploring this place.
 F = Levels seen in this place.
 G = Mean time per level.
                   A        B        C        D        E       F      G
               +--------+--------+--------+--------+--------+-----+--------+
         Total |   2345 |   2234 |    111 |      2 |   1856 |   3 |  781.7 |
       Dungeon |   2345 |   2234 |    111 |      2 |   1856 |   3 |  781.7 |
               +--------+--------+--------+--------+--------+-----+--------+

Top non-repeatable levels by time:
     D:1: 886 daAuts
     D:2: 870 daAuts
     D:3: 588 daAuts
